 Dungeon Crawl Stone Soup version 0.26-a0-52-gd53d4cd (webtiles) character file.

Game seed: 8655953503348635834

24292 Faca the Fighter (level 13, -16/123 HPs)
             Began as a Ghoul Fighter on June 6, 2020.
             Was a High Priest of Makhleb.
             Demolished by Rupert
             ... wielding a +2 antimagic great mace
              (25 damage)
             ... on level 3 of the Lair of Beasts.
             The game lasted 00:34:14 (18790 turns).

Faca the Fighter (Ghoul Fighter)                   Turns: 18790, Time: 00:34:15

Health: -16/123    AC: 16    Str: 25    XL:     13   Next: 12%
Magic:  0/12       EV:  8    Int:  3    God:    Makhleb [*****.]
Gold:   264        SH: 13    Dex:  8    Spells: 12/12 levels left

rFire    . . .     SeeInvis .     - Unarmed
rCold    + . .     Gourm    .   x - +2 kite shield {reflect}
rNeg     + + +     Faith    .   t - +1 scale mail {MR+}
rPois    ∞         Spirit   .   (no helmet)
rElec    .         Reflect  +   (no cloak)
rCorr    +         Harm     .   (no gloves)
MR       +....                  h - +2 pair of boots
Stlth    ..........             (no amulet)
HPRegen  0.00/turn              m - +4 ring of protection
MPRegen  0.13/turn              q - ring of resist corrosion

@: rotting
A: rotting body, claws 1, carnivore, cold resistance 1, negative energy
resistance 3, inhibited regeneration, torment resistance, unbreathing
a: Minor Destruction, Lesser Servant of Makhleb, Major Destruction, Greater
Servant of Makhleb, Renounce Religion


You were on level 3 of the Lair of Beasts.
You worshipped Makhleb.
Makhleb was extremely pleased with you.
You were not hungry.

You visited 2 branches of the dungeon, and saw 15 of its levels.
You also visited: Sewer.

You collected 877 gold pieces.
You spent 613 gold pieces at shops.

Inventory:

Missiles
 f - a throwing net
 s - 15 boomerangs (quivered)
Armour
 h - a +2 pair of boots (worn)
 t - a +1 scale mail of magic resistance (worn)
 x - a +2 kite shield of reflection (worn)
Jewellery
 m - a +4 ring of protection (left claw)
 q - a ring of resist corrosion (right claw)
 C - an uncursed ring of ice
Wands
 b - a wand of random effects (42)
 g - a wand of flame (22)
 k - a wand of clouds (8)
 r - a wand of iceblast (12)
 y - a wand of paralysis (11)
 z - a wand of digging (5)
Scrolls
 e - 5 scrolls of teleportation
 i - 2 scrolls of fog
 u - a scroll of identify
 v - 2 scrolls of remove curse
 A - 2 scrolls of immolation
 B - 2 scrolls of enchant weapon
 F - a scroll of enchant armour
Potions
 c - 2 potions of might
 j - 6 potions of flight
 l - 2 potions of resistance
 n - 3 potions of curing
 o - 2 potions of cancellation
 p - 2 potions of ambrosia
Comestibles
 a - 6 chunks of flesh
 d - 41 rations


   Skills:
 + Level 13.9 Fighting
 + Level 8.4 Armour
 + Level 8.5 Shields
 + Level 13.7 Unarmed Combat


You had 12 spell levels left.
You didn't know any spells.
Your spell library contained the following spells:

 Spells                   Type           Power        Failure   Level  Hunger
 Animate Skeleton         Necr           N/A          96%         1    ##.....
 Apportation              Tloc           #.....       96%         1    ##.....
 Pain                     Necr           #...         96%         1    ##.....
 Shock                    Conj/Air       #...         96%         1    ##.....
 Summon Butterflies       Summ           #.......     96%         1    ##.....
 Blink                    Tloc           N/A          99%         2    ###....
 Poisonous Vapours        Pois/Air       #.....       99%         2    ###....
 Shroud of Golubria       Chrm/Tloc      #.....       99%         2    ###....
 Swiftness                Chrm/Air       #.......     99%         2    ###....
 Conjure Flame            Conj/Fire      #.......     100%        3    ####...
 Gell's Gravitas          Tloc           #.........   100%        3    ####...
 Lesser Beckoning         Tloc           #.........   100%        3    ####...
 Mephitic Cloud           Conj/Pois/Air  #.......     100%        3    ####...
 Static Discharge         Conj/Air       #.......     100%        3    ####...
 Teleport Other           Tloc           #.......     100%        3    ####...
 Tukima's Dance           Hex            #.......     100%        3    ####...
 Vampiric Draining        Necr           #.........   100%        3    ####...
 Airstrike                Air            #.........   100%        4    #####..
 Animate Dead             Necr           N/A          100%        4    #####..
 Passage of Golubria      Tloc           N/A          100%        4    #####..
 Agony                    Necr           #.......     100%        5    ######.
 Alistair's Intoxication  Tmut/Pois      #.......     100%        5    ######.
 Lightning Bolt           Conj/Air       #.........   100%        5    ######.
 Freezing Cloud           Conj/Ice/Air   #.........   100%        6    #######
 Invisibility             Hex            #.......     100%        6    #######
 Ring of Flames           Chrm/Fire      #.........   100%        7    #######


Dungeon Overview and Level Annotations

Branches:
Dungeon (12/15)            Temple (0/1) D:7            Lair (3/6) D:11
  Swamp (0/4) Lair:3          Orc (0/2) D:12          Sewer (visited)
  Snake: Lair:2-4    Spider: Lair:2-4

Altars:
Ashenzari
Dithmenos
Fedhas
Gozag
Hepliaklqana
Makhleb
Okawaru
Qazlal
Vehumet
Wu Jian

Shops:
D:8 [*[*

Annotations:
D:6 1 runed translucent door, Lazarous's ghost, amateur GrEE
Lair:3 Rupert


Innate Abilities, Weirdness & Mutations

Your body is rotting away.
You thrive on raw meat.
You are immune to poison.
You have sharp fingernails.
You are carnivorous and can eat meat at any time.
Your flesh is cold resistant. (rC+)
You are immune to negative energy. (rN+++)
You do not regenerate when monsters are visible.
You are immune to unholy pain and torment.
You can survive without breathing.


Message History

Rupert is engulfed in freezing vapours.
Rupert hits you with a +2 antimagic great mace!!
* * * LOW HITPOINT WARNING * * *
You barely miss Rupert.
Rupert is moderately wounded.
Rupert is engulfed in freezing vapours.
Rupert hits you with a +2 antimagic great mace!!
* * * LOW HITPOINT WARNING * * *
You claw Rupert!
Rupert is heavily wounded.
Rupert is engulfed in freezing vapours.
You block Rupert's attack.
You mangle Rupert!!
Rupert is severely wounded.
You scratch Rupert but do no damage.
Rupert is severely wounded.
Rupert is engulfed in freezing vapours.
Rupert misses you.
You claw Rupert!
Rupert is severely wounded.
Rupert hits you with a +2 antimagic great mace!!
You die...

........###
#§.♣≈≈^...
#.≈§≈♣≈..
#.§≈§§♣.##
#.♣§§≈≈..##
###..≈§≈..P.####
.##..§........#
#...#.#.......# .
##. ###@##....##
...
#..##§@§###..÷.##
#...##§§§###
#.....##
#..§§...#
###...<#
#...§8....#
#...##
#....#.###...#
#...# #...#...
....###...
#...#####
##...#.#..# ....
....##..#


You could see Rupert (berserk).

Vanquished Creatures
  5 two-headed ogres
  Sonja (Lair:1)
  Nergalle (D:10)
  An unseen horror (D:11)
  Pikel (D:8)
  A manticore (D:11)
  Psyche (D:9)
  Joseph (D:8)
  2 centaur zombies
  2 black mambas
  2 spiny frogs
  Maggie (D:8)
  3 komodo dragons
  A queen bee (Lair:1)
  2 bog bodies (Lair:3)
  6 blink frogs (Lair:2)
  3 hippogriffs
  3 wyverns
  16 yaks
  Eustachio (D:5)
  A steam dragon (D:11)
  2 hungry ghosts
  4 vampire mosquitoes (D:12)
  4 wargs
  3 water moccasins
  3 porcupines
  A slave (D:8)
  4 orc warriors
  2 black bears
  2 necrophages (D:8)
  5 ogres
  2 sky beasts
  3 phantoms
  3 centaurs
  4 wolves (Lair:1)
  7 crocodiles
  7 big kobolds
  9 bullfrogs
  2 gnoll sergeants
  A wyvern zombie (D:8)
  4 scorpions
  27 killer bees
  11 howler monkeys
  4 crimson imps
  2 bullfrog zombies
  4 hounds
  13 orc priests
  2 centaur skeletons
  3 bullfrog skeletons
  14 orc wizards
  Terence (D:2)
  3 iguanas
  13 worker ants
  A hound zombie (D:6)
  17 gnolls
  11 adders
  3 river rats
  5 shadow imps
  2 oozes (D:6)
  2 adder skeletons
  4 worms (D:4)
  7 leopard geckos
  59 orcs
  2 ball pythons
  9 giant cockroaches
  16 goblins
  9 hobgoblins
  9 jackals
  3 quokkas
  3 bats
  5 frilled lizards
  36 kobolds
  17 rats
444 creatures vanquished.

Vanquished Creatures (others)
  An eye of draining (D:8)
  An orc (D:8)
2 creatures vanquished.

Grand Total: 446 creatures vanquished

Notes
Turn   | Place    | Note
-------+----------+-------------------------------------------
     0 | D:1      | Faca the Ghoul Fighter began the quest for the Orb.
     0 | D:1      | Reached XP level 1. HP: 19/19 MP: 0/0
   258 | D:1      | Reached XP level 2. HP: 26/26 MP: 1/1
   634 | D:1      | Reached XP level 3. HP: 29/33 MP: 2/2
  1481 | D:1      | Reached XP level 4. HP: 24/41 MP: 3/3
  2005 | D:2      | Noticed Terence
  2027 | D:2      | Killed Terence
  2027 | D:2      | Reached XP level 5. HP: 40/47 MP: 4/4
  2104 | D:2      | Reached skill level 5 in Fighting
  2231 | D:2      | Found a blossoming altar of Fedhas.
  2856 | D:3      | Found a glowing drain.
  2888 | Sewer    | Entered a sewer
  2949 | Sewer    | Noticed a big kobold
  2971 | Sewer    | Killed a big kobold
  2971 | Sewer    | Reached skill level 5 in Unarmed Combat
  2971 | Sewer    | Reached XP level 6. HP: 49/57 MP: 5/5
  3021 | Sewer    | Found a white marble altar of Elyvilon.
  3155 | D:3      | Found a hazy altar of Hepliaklqana.
  3155 | D:3      | Found an ornate altar of the Wu Jian Council.
  3729 | D:4      | Noticed a phantom
  3760 | D:4      | Killed a phantom
  3760 | D:4      | Reached XP level 7. HP: 51/64 MP: 6/6
  5247 | D:4      | Noticed a hungry ghost
  5261 | D:4      | Reached XP level 8. HP: 36/74 MP: 7/7
  5749 | D:5      | Entered Level 5 of the Dungeon
  6298 | D:5      | Noticed Eustachio
  6310 | D:5      | Killed Eustachio
  6710 | D:5      | Found a shattered altar of Ashenzari.
  6990 | D:6      | Reached XP level 9. HP: 77/83 MP: 8/8
  7397 | D:6      | Found a radiant altar of Vehumet.
  7397 | D:6      | Found an iron altar of Okawaru.
  7418 | D:6      | Noticed a two-headed ogre
  7431 | D:6      | Killed a two-headed ogre
  7431 | D:6      | Reached skill level 10 in Fighting
  7431 | D:6      | Reached skill level 10 in Unarmed Combat
  7710 | D:6      | Found a runed translucent door.
  7715 | D:6      | Noticed Lazarous's ghost (amateur GrEE)
  8365 | D:7      | Found a burning altar of Makhleb.
  8391 | D:7      | Became a worshipper of Makhleb the Destroyer
  8531 | D:7      | Found a staircase to the Ecumenical Temple.
  8820 | D:7      | Reached XP level 10. HP: 92/95 MP: 9/9
  8920 | D:7      | Found a shadowy altar of Dithmenos.
  9239 | D:8      | Reached * piety under Makhleb
  9251 | D:8      | Found Uhesonob's Antique Armour Shoppe.
  9409 | D:8      | Bought a glowing chain mail for 180 gold pieces
  9447 | D:8      | Found a stormy altar of Qazlal.
  9449 | D:8      | Found Ryufer's Assorted Antiques.
  9452 | D:8      | Bought a fizzy puce potion for 29 gold pieces
  9465 | D:8      | Noticed Joseph
  9489 | D:8      | Killed Joseph
  9759 | D:8      | Found Fahief's Antique Armour Shop.
  9797 | D:8      | Noticed Maggie
  9825 | D:8      | Killed Maggie
 10110 | D:8      | Found Bux Gayll's General Store.
 10124 | D:8      | Noticed Pikel
 10137 | D:8      | Killed Pikel
 10801 | D:9      | Reached ** piety under Makhleb
 11045 | D:9      | Reached XP level 11. HP: 104/104 MP: 10/10
 11140 | D:9      | Noticed Psyche
 11148 | D:9      | Killed Psyche
 11148 | D:9      | Reached skill level 5 in Armour
 11148 | D:9      | Reached skill level 5 in Shields
 11445 | D:10     | Entered Level 10 of the Dungeon
 11677 | D:10     | Noticed Nergalle
 11696 | D:10     | Killed Nergalle
 12417 | D:11     | Noticed a two-headed ogre
 12424 | D:11     | Killed a two-headed ogre
 12582 | D:11     | Noticed a two-headed ogre
 12591 | D:11     | Killed a two-headed ogre
 12686 | D:11     | Noticed a two-headed ogre
 12693 | D:11     | Killed a two-headed ogre
 12751 | D:11     | Noticed a manticore
 12767 | D:11     | Killed a manticore
 13044 | D:11     | Reached *** piety under Makhleb
 13101 | D:11     | Killed an unseen horror
 13116 | D:11     | Reached XP level 12. HP: 113/113 MP: 11/11
 13445 | D:11     | Found a staircase to the Lair.
 14090 | D:12     | Found a staircase to the Orcish Mines.
 14096 | D:12     | Reached **** piety under Makhleb
 14487 | D:12     | Noticed a two-headed ogre
 14495 | D:12     | Killed a two-headed ogre
 14742 | D:8      | Bought a pair of runed boots for 202 gold pieces
 14742 | D:8      | Bought a runed kite shield for 202 gold pieces
 14827 | Lair:1   | Entered Level 1 of the Lair of Beasts
 15748 | Lair:1   | Noticed Sonja
 15778 | Lair:1   | Killed Sonja
 17413 | Lair:2   | Found an opulent altar of Gozag.
 18645 | Lair:2   | Reached XP level 13. HP: 61/117 MP: 12/12
 18705 | Lair:3   | Found a staircase to the Swamp.
 18763 | Lair:3   | Reached ***** piety under Makhleb
 18772 | Lair:3   | Noticed Rupert
 18790 | Lair:3   | Demolished by Rupert

Illustrated notes

Levels and vault maps discovered:
D:1:      matt_arrival_grand_opening, layout_basic
D:2:      layout_loops_ring, fedhas_ov_isle_minmay, guppyfry_early_lair_pool,
          uniq_terence
D:3:      layout_basic, gammafunk_temple_overflow_wave, first_ration,
          portal_sewer_entry_a
D:4:      minmay_clustersquares, layout_layer_cave,
          chequers_serial_rivers_room_b
D:5:      layout_basic, ashenzari_conservatory_becter, serial_park_tiny_1,
          minmay_misc_feat_iff, uniq_eustachio
D:6:      layout_basic, gammafunk_temple_overflow_elements,
          ebering_ghost_reflecting_pool
D:7:      layout_loops_corners, lemuel_doored_altar, kennysheep_mini,
          minmay_temple_entry_junction
D:8:      layout_cave_pods, overflow_temple_1_default, serial_shops, shop,
          nicolae_shop_temple_entry_statues_fountains, kennysheep_mini_moat,
          shop, uniq_pikel, uniq_joseph, uniq_maggie
D:9:      layout_cave_pools, blue_anna_alchemist [blue_anna_fruit_fields,
          blue_anna_fruit_fields], uniq_psyche
D:10:     layout_basic, serial_glass, glass_columns_a, glass_columns_c,
          glass_columns_a, glass_columns_a, glass_columns_a, glass_columns_a,
          item_on_display_a, feat_on_display, uniq_nergalle
D:11:     layout_rooms, erik_lair_orcish_takeover
D:12:     layout_cave_pools, erik_orc_4
Lair:1:   layout_hall_layers, special_room [special_room_bee], uniq_sonja
Lair:2:   layout_chaotic_city, basic_altar, serial_bayou_shore_b
Lair:3:   dpeg_oklob_gauntlet, layout_concentric_octagons,
          skrybe_swamp_entry_bodies, minmay_snake_entry_guardpost_large,
          serial_bayou_shore_b, grunt_megastairs_5, uniq_rupert

Skill      XL: |  1  2  3  4  5  6  7  8  9 10 11 12 |
---------------+-------------------------------------+-----
Unarmed Combat | 3 4 5 7 8 10 11 12 13 | 13.7
Fighting       | 4 5 6 7 9 11 12 13 | 13.9
Armour         | 4 6 8 |  8.4
Shields        | 4 6 8 |  8.5

Action                   |  1- 3 |  4- 6 |  7- 9 | 10-12 | 13-15 || total
-------------------------+-------+-------+-------+-------+-------++-------
Melee: Unarmed           |   113 |   305 |   410 |   932 |    78 ||  1838
Throw: Throwing net      |       |       |     2 |     1 |       ||     3
       Boomerang         |       |       |       |     1 |       ||     1
Evoke: Wand              |       |       |       |     7 |     2 ||     9
  Use: Scroll            |     3 |     6 |     6 |    17 |       ||    32
       Potion            |       |       |     1 |     4 |       ||     5
  Eat: Chunk             |     4 |     9 |    16 |    37 |     6 ||    72
       Ration            |       |       |       |     1 |       ||     1
Armor: Scale mail        |    37 |       |   103 |   508 |    17 ||   665
       Chain mail        |     4 |   127 |   114 |       |       ||   245
Dodge: Dodged            |    33 |    53 |   130 |   374 |    13 ||   603
Block: Kite shield       |    61 |   138 |   217 |   723 |    29 ||  1168
       Reflection        |       |       |       |     3 |       ||     3

Table legend:
 A = Non-vault XP
 B = Vault XP
 C = Vault XP percentage of total XP
 D = Non-vault monster count
 E = Vault monster count
 F = Vault count percentage of total count
                 A         B        C        D         E       F
            +---------+---------+-------+---------+---------+-------
      Total |   25983 |    8720 |  25.1 |     354 |      90 |  20.3
            +---------+---------+-------+---------+---------+-------
        D:1 |      88 |       0 |   0.0 |      32 |       0 |   0.0
        D:2 |      90 |      36 |  28.6 |      18 |       1 |   5.3
        D:3 |      94 |      21 |  18.3 |      27 |       6 |  18.2
        D:4 |     746 |     346 |  31.7 |      35 |       6 |  14.6
        D:5 |     514 |     191 |  27.1 |      25 |       1 |   3.8
        D:6 |    1769 |       0 |   0.0 |      23 |       0 |   0.0
        D:7 |     657 |       0 |   0.0 |      15 |       0 |   0.0
        D:8 |    2120 |    1472 |  41.0 |      41 |       3 |   6.8
        D:9 |     968 |     573 |  37.2 |      17 |       2 |  10.5
       D:10 |    1482 |     800 |  35.1 |      26 |       1 |   3.7
       D:11 |    6730 |     635 |   8.6 |      38 |       9 |  19.1
       D:12 |    1781 |     518 |  22.5 |      13 |      16 |  55.2
     Lair:1 |    3814 |    2509 |  39.7 |      21 |      25 |  54.3
     Lair:2 |    3772 |     145 |   3.7 |      16 |       1 |   5.9
     Lair:3 |    1358 |    1337 |  49.6 |       7 |       6 |  46.2
      Sewer |       0 |     137 | 100.0 |       0 |      13 | 100.0
            +---------+---------+-------+---------+---------+-------
